 Dungeon Crawl Stone Soup version 0.19-a0-1815-g4007336 (webtiles) character file.

7004 Kingduke777 the Thaumaturge (level 10, 0/50 HPs)
             Began as a Deep Elf Conjurer on Oct 5, 2016.
             Was a Believer of Vehumet.
             Killed by divine providence
             ... invoked by a meliai
              (15 damage)
             ... on level 10 of the Dungeon.
             The game lasted 00:36:20 (12237 turns).

Kingduke777 the Thaumaturge (Deep Elf Conjurer)    Turns: 12237, Time: 00:36:21

Health: 0/50       AC:  8    Str: 10    XL:     10   Next: 82%
Magic:  22/29      EV: 17    Int: 24    God:    Vehumet [**....]
Gold:   710        SH:  0    Dex: 15    Spells: 4 memorised, 24 levels left

rFire  . . .     SeeInvis +     e - +1 hand axe (venom)
rCold  + . .     Gourm    .     P - +1 robe {rC+}
rNeg   . . .     Faith    .     (no shield)
rPois  .         Spirit   .     o - +1 helmet
rElec  .         Dismiss  .     a - +1 cloak
rCorr  .         Reflect  .     (no gloves)
MR     +....     Harm     .     d - +0 pair of boots
Stlth  ++........               (no amulet)
                                O - +5 ring of strength
                                q - ring of see invisible

@: no status effects
A: no striking features
a: Renounce Religion


You were on level 10 of the Dungeon.
You worshipped Vehumet.
Vehumet was pleased with you.
You were not hungry.

You visited 2 branches of the dungeon, and saw 11 of its levels.

You collected 710 gold pieces.

Inventory:

Hand Weapons
 e - a +1 hand axe of venom (weapon)
Missiles
 I - 3 throwing nets (quivered)
Armour
 a - a +1 cloak (worn)
 d - a +0 pair of boots (worn)
 o - a +1 helmet (worn)
 y - a +1 leather armour of poison resistance
 P - a +1 robe of cold resistance (worn)
Magical Staves
 L - an uncursed staff of death
Jewellery
 g - a cursed ring of teleportation {unknown}
 j - an uncursed ring of poison resistance
 q - a ring of see invisible (left hand)
 x - an uncursed ring of ice
 B - an uncursed amulet of regeneration {unknown}
 C - an uncursed ring of positive energy
 O - a +5 ring of strength (right hand)
Wands
 G - a wand of acid (12/15)
 K - a wand of disintegration (12/24)
Scrolls
 i - a scroll of fog
 r - 5 scrolls of remove curse
 u - a scroll of identify
Potions
 f - 3 potions of ambrosia
 h - 6 potions of curing
 l - 4 potions of agility {unknown}
 n - a potion of cure mutation
 p - 2 potions of haste {unknown}
 s - a potion of brilliance
 t - a potion of heal wounds
 A - a potion of lignification
 D - a potion of flight
 J - a potion of magic
Books
 b - a book of Conjurations

   Spells                             Type                      Level
   a - Magic Dart                     Conjuration                  1
   b - Searing Ray                    Conjuration                  2
   c - Dazzling Spray                 Conjuration/Hexes            3
   d - Fulminant Prism                Conjuration/Hexes            4
   e - Iskenderun's Mystic Blast      Conjuration                  4
   f - Iskenderun's Battlesphere      Conjuration/Charms           5
 F - a book of Maledictions

   Spells                             Type                      Level
   a - Corona                         Hexes                        1
   b - Ensorcelled Hibernation        Hexes/Ice                    2
   c - Confuse                        Hexes                        3
   d - Tukima's Dance                 Hexes                        3
   e - Dazzling Spray                 Conjuration/Hexes            3
Miscellaneous
 M - a box of beasts
Comestibles
 c - 2 bread rations
 k - 3 beef jerkies
 m - 3 fruits
 v - 3 meat rations


   Skills:
 + Level 7.7 Dodging
 - Level 2.4 Stealth
 * Level 13.5 Spellcasting
 * Level 12.3 Conjurations
 - Level 3.1 Hexes
 - Level 3.3 Charms


You had 24 spell levels left.
You knew the following spells:

 Your Spells              Type           Power        Failure   Level  Hunger
a - Magic Dart            Conj           ####         1%          1    None
b - Searing Ray           Conj           ######       1%          2    None
c - Fulminant Prism       Conj/Hex       ######....   1%          4    None
d - Iskenderun's Battles  Conj/Chrm      ######..     4%          5    ###....


Dungeon Overview and Level Annotations

Branches:
Dungeon (10/15)            Temple (1/1) D:6
   Lair: D:8-11         Orc: D:9-12

Altars:
Ashenzari
Cheibriados
Dithmenos
Elyvilon
Fedhas
Gozag
Hepliaklqana
Kikubaaqudgha
Makhleb
Nemelex Xobeh
Okawaru
Qazlal
Ru
Sif Muna
Trog
Uskayaw
Vehumet
Xom
Yredelemnul
Zin
The Shining One

Annotations:
D:3 krigyl's ghost, amateur MiBe


Message History

You conjure a prism of explosive energy!
The meliai buzzes angrily.
The meliai calls down the wrath of its god upon you.
Something smites you!
A meliai comes into view. It is wielding a hand axe.
The meliai hits your fulminant prism with a war axe!
The meliai stings your fulminant prism!
Your fulminant prism detonates feebly.
Casting: Fulminant Prism
Confirm with . or Enter, or press ? or * to list all spells.
Aiming: Fulminant Prism
Press: ? - help, Dir - move target cursor You conjure a prism of explosive energy!
The meliai calls down the wrath of its god upon you.
Something smites you!
* * * LOW HITPOINT WARNING * * *
Your fulminant prism crackles loudly.
The meliai invokes the aid of its god against you.
Something smites you!
You die...

#######
#.....#
#.....#
#..@..# #
#(....# ..#
#....y###..#
###.#.yy...#
###.#*###%y...
#.......# ##.
#.###.#.# #.#
#..... #.#
.......


You could see 3 meliai and a friendly fulminant prism.

Vanquished Creatures
  Erolcha (D:9)
  The ghost of DaltonRaccoon the Carver, a novice HuMo of Elyvilon (D:6)
  The ghost of Arcaner the Cleaver, a novice GrBe of Trog (D:7)
  A hill giant (D:10)
  A troll (D:9)
  A wraith (D:10)
  A human (D:10)
  2 ice beasts
  An eye of draining (D:10)
  A sky beast (D:9)
  An orc warrior (D:10)
  A black bear (D:10)
  4 phantoms
  2 ogres
  A necrophage (D:5)
  6 centaurs
  4 bullfrogs
  2 scorpions (D:5)
  2 howler monkeys (D:9)
  4 crimson imps
  3 centaur zombies
  A quasit (D:7)
  3 bullfrog skeletons
  4 hounds
  3 jellies
  4 orc priests
  9 orc wizards
  3 centaur skeletons
  Ijyb (D:2)
  Jessica (D:2)
  3 iguanas
  7 worker ants
  A hound zombie (D:9)
  5 worker ant zombies
  11 gnolls
  A howler monkey skeleton (D:4)
  12 adders
  A shadow imp (D:7)
  2 adder skeletons (D:4)
  An adder zombie (D:7)
  A worm (D:3)
  A dart slug (D:2)
  5 leopard geckos
  38 orcs
  3 ball pythons
  3 giant cockroaches
  8 hobgoblins
  A jackal (D:7)
  3 quokkas
  9 bats
  8 frilled lizards
  10 goblins
  6 kobolds
  A quokka skeleton (D:4)
  6 rats
217 creatures vanquished.

Vanquished Creatures (others)
  A hound (D:3)
  34 fulminant prisms
35 creatures vanquished.

Grand Total: 252 creatures vanquished

Notes
Turn   | Place    | Note
-------+----------+-------------------------------------------
     0 | D:1      | Kingduke777 the Deep Elf Conjurer began the quest for the Orb.
     0 | D:1      | Reached XP level 1. HP: 10/10 MP: 6/6
   154 | D:1      | Reached XP level 2. HP: 15/15 MP: 0/8
   326 | D:1      | Learned a level 2 spell: Searing Ray
   782 | D:1      | Reached skill level 5 in Conjurations
   941 | D:1      | Reached XP level 3. HP: 19/19 MP: 6/10
   995 | D:2      | Noticed Jessica
   997 | D:2      | Killed Jessica
   997 | D:2      | Reached skill level 4 in Spellcasting
  1000 | D:2      | Noticed Ijyb
  1115 | D:2      | Killed Ijyb
  1115 | D:2      | Reached XP level 4. HP: 24/24 MP: 1/12
  1542 | D:2      | Reached skill level 5 in Spellcasting
  2205 | D:2      | Learned a level 4 spell: Fulminant Prism
  2221 | D:2      | Found a burning altar of Makhleb.
  2221 | D:2      | Found a shimmering altar of Xom.
  2245 | D:3      | Reached XP level 5. HP: 28/28 MP: 10/14
  2346 | D:3      | Reached skill level 1 in Hexes
  2586 | D:3      | Noticed krigyl's ghost (amateur MiBe)
  3130 | D:3      | Reached skill level 6 in Spellcasting
  3130 | D:3      | Reached XP level 6. HP: 18/32 MP: 13/17
  3443 | D:3      | Found a sparkling altar of Nemelex Xobeh.
  3633 | D:3      | Learned a level 5 spell: Iskenderun's Battlesphere
  4581 | D:5      | Entered Level 5 of the Dungeon
  4696 | D:5      | Reached skill level 7 in Spellcasting
  4696 | D:5      | Reached XP level 7. HP: 36/36 MP: 12/19
  4758 | D:5      | Reached skill level 1 in Charms
  4949 | D:5      | Found a basalt altar of Yredelemnul.
  5319 | D:5      | Reached skill level 8 in Spellcasting
  5454 | D:5      | Found an iron altar of Okawaru.
  5853 | D:6      | Reached XP level 8. HP: 37/41 MP: 13/22
  5972 | D:6      | Noticed DaltonRaccoon's ghost (novice HuMo)
  6223 | D:6      | Killed DaltonRaccoon's ghost
  6223 | D:6      | Reached skill level 9 in Spellcasting
  6480 | D:6      | Found an opulent altar of Gozag.
  6508 | D:6      | Found a staircase to the Ecumenical Temple.
  6522 | Temple   | Entered the Ecumenical Temple
  6526 | Temple   | Became a worshipper of Vehumet
  6645 | D:6      | Reached skill level 10 in Spellcasting
  7003 | D:6      | Reached XP level 9. HP: 45/45 MP: 18/25
  7342 | D:7      | Noticed Arcaner's ghost (novice GrBe)
  7503 | D:7      | Reached skill level 5 in Dodging
  7687 | D:7      | Killed Arcaner's ghost
  7687 | D:7      | Reached skill level 11 in Spellcasting
  7687 | D:7      | Reached skill level 10 in Conjurations
  8627 | D:7      | Found a shadowy altar of Dithmenos.
  8628 | D:7      | Found a shattered altar of Ashenzari.
  9836 | D:9      | Noticed a troll
  9889 | D:9      | Reached * piety under Vehumet
  9889 | D:9      | Offered knowledge of Flame Tongue by Vehumet.
  9892 | D:9      | Reached skill level 12 in Spellcasting
 10139 | D:9      | Reached XP level 10. HP: 50/50 MP: 18/28
 10572 | D:9      | Noticed Erolcha
 10579 | D:9      | Killed Erolcha
 11276 | D:10     | Entered Level 10 of the Dungeon
 11608 | D:10     | Reached skill level 13 in Spellcasting
 11613 | D:10     | Noticed a hill giant
 11620 | D:10     | Offered knowledge of Shock by Vehumet.
 11624 | D:10     | Killed a hill giant
 11624 | D:10     | Reached ** piety under Vehumet
 11944 | D:10     | Noticed a hill giant
 12237 | D:10     | Killed from afar by a meliai

Vault maps used:
D:1:      dpeg_arrival_connections
D:2:      gammafunk_temple_overflow_elements, uniq_jessica, uniq_iyjb
D:3:      nemelex_altar_shiori
D:4:      minivault_25
D:5:      yredelemnul_altar_generic, first_bread, okawaru_gym_becter
D:6:      lemuel_crystal_altar, nicolae_sextant
D:7:      gammafunk_temple_overflow_statue
D:9:      uniq_erolcha
D:10:     hiddenorc1_lemuel, grunt_livestock, minmay_diamond_spiral
Temple:   zaba_magenta_temple

Skill      XL: |  1  2  3  4  5  6  7  8  9 10 |
---------------+-------------------------------+-----
Conjurations   | 5 6 7 9 10 12 | 12.3
Spellcasting   | 4 5 6 7 8 10 12 13 | 13.5
Hexes          | 2 3 |  3.1
Charms         | 3 |  3.3
Dodging        | 4 6 7 |  7.7
Stealth        | |  2.4

Action                   |  1- 3 |  4- 6 |  7- 9 | 10-12 || total
-------------------------+-------+-------+-------+-------++-------
Melee: Whip              |    11 |       |       |       ||    11
       Hand axe          |       |       |     2 |     5 ||     7
 Cast: Magic Dart        |    42 |   114 |   179 |    81 ||   416
       Searing Ray       |     4 |    16 |    26 |    11 ||    57
       Fulminant Prism   |       |     3 |    20 |    12 ||    35
       Iskenderun's Batt |       |       |     7 |    14 ||    21
  Use: Scroll            |       |       |    19 |     2 ||    21
       Potion            |       |       |     2 |     1 ||     3
  Eat: Chunk             |       |    10 |     8 |     7 ||    25
       Bread ration      |       |     1 |       |       ||     1
       Fruit             |       |     1 |       |       ||     1
       Meat ration       |       |       |     1 |       ||     1
       Pizza             |       |       |     1 |       ||     1
       Beef jerky        |       |       |       |     1 ||     1
Armor: Robe              |     1 |     5 |    16 |    11 ||    33
Dodge: Dodged            |    19 |    16 |    62 |    29 ||   126
       Rpst.: Falchion   |       |     2 |       |       ||     2
